 Dungeon Crawl Stone Soup version 0.23-b1-49-g13d5857 (webtiles) character file.

Game seed: 2970194671391619974

194 Amon001 the Grave Robber (level 5, -9/37 HPs)
             Began as a Gnoll Wanderer on Feb 3, 2019.
             Killed by nerve-wracking pain
             ... invoked by Grinder
              (12 damage)
             ... on level 3 of the Dungeon.
             The game lasted 00:11:13 (3161 turns).

Amon001 the Grave Robber (Gnoll Wanderer)           Turns: 3161, Time: 00:11:13

Health: -9/37      AC:  8    Str: 11    XL:     5   Next: 73%
Magic:  7/7        EV: 14    Int: 16    God:
Gold:   94         SH:  0    Dex: 17    Spells: 0/7 levels left

rFire    . . .     SeeInvis .   r - +1 dagger (venom)
rCold    . . .     Gourm    .   (no shield)
rNeg     . . .     Faith    .   h - +2 leather armour {MR+}
rPois    .         Spirit   .   s - +2 helmet
rElec    .         Reflect  .   (no cloak)
rCorr    .         Harm     .   (no gloves)
MR       +....                  (no boots)
Stlth    ++........             (no amulet)
HPRegen  0.12/turn              g - ring of attention (curse)
MPRegen  0.10/turn              (no ring)

@: about to teleport
A: distributed training, fangs 1, strong nose
a: no special abilities


You were on level 3 of the Dungeon.
You were not hungry.

You visited 1 branch of the dungeon, and saw 3 of its levels.

You collected 94 gold pieces.

Inventory:

Hand Weapons
 r - a +1 dagger of venom (weapon)
Armour
 e - a +0 chain mail
 h - a +2 leather armour of magic resistance (worn)
 s - a +2 helmet (worn)
Jewellery
 g - a cursed ring of attention (left hand)
Scrolls
 c - a scroll of teleportation
 l - 6 scrolls of identify {unknown}
 o - 2 scrolls of remove curse {unknown}
 q - 2 scrolls of fear {unknown}
Potions
 a - a potion of cancellation {unknown}
 b - a potion of degeneration {unknown}
 d - 2 potions of agility {unknown}
 i - a potion of flight {unknown}
 j - a potion of might {unknown}
 k - a potion of lignification {unknown}
 m - 5 potions of curing {unknown}
 p - 2 potions of mutation {unknown}
Comestibles
 f - 3 rations
 n - 3 chunks of flesh


   Skills:
 + Level 1.6 Fighting
 + Level 1.6 Short Blades
 + Level 1.6 Long Blades
 + Level 1.6 Axes
 + Level 1.6 Maces & Flails
 + Level 1.6 Polearms
 + Level 1.6 Staves
 + Level 1.6 Slings
 + Level 1.6 Bows
 + Level 1.6 Crossbows
 + Level 1.6 Throwing
 + Level 1.6 Armour
 + Level 4.8 Dodging
 + Level 4.4 Stealth
 + Level 1.6 Shields
 + Level 1.6 Unarmed Combat
 + Level 1.6 Spellcasting
 + Level 1.2 Conjurations
 + Level 1.2 Hexes
 + Level 1.2 Charms
 + Level 1.2 Summonings
 + Level 7.2 Necromancy
 + Level 1.2 Translocations
 + Level 1.2 Transmutations
 + Level 2.4 Fire Magic
 + Level 1.2 Ice Magic
 + Level 1.2 Air Magic
 + Level 1.2 Earth Magic
 + Level 1.2 Poison Magic
 + Level 1.8 Invocations
 + Level 3.0 Evocations


You couldn't memorise any spells.
You knew the following spells:

 Your Spells              Type           Power        Failure   Level  Hunger
a - Pain                  Necr           ###.         1%          1    ##.....
b - Vampiric Draining     Necr           ###.......   4%          3    ####...
c - Regeneration          Chrm/Necr      ##........   16%         3    ####...

Your spell library contained the following spells:

 Spells                   Type           Power        Failure   Level  Hunger
 Animate Skeleton         Necr           N/A          1%          1    ##.....
 Animate Dead             Necr           N/A          14%         4    #####..


Dungeon Overview and Level Annotations

Branches:
Dungeon (3/15)

Altars:
Makhleb

Annotations:
D:3 3 runed translucent doors, Grinder; coffee's ghost, amateur SpAK


Innate Abilities, Weirdness & Mutations

Your experience applies equally to all skills.
You have very sharp teeth.
Your uncanny sense of smell can sniff out nearby items.


Message History

Pain shoots through your body!
* * * LOW HITPOINT WARNING * * *
You hit Grinder.
Grinder is poisoned.
Grinder is lightly wounded.
Grinder hits you.
* * * LOW HITPOINT WARNING * * *
You writhe in agony.
* * * LOW HITPOINT WARNING * * *
Casting: Pain (safe; 1% risk of failure)
Confirm with . or Enter, or press ? or * to list all spells.
Aiming: Vampiric Draining (safe; 4% risk of failure)
Press: ? - help, Shift-Dir - straight line, f - Grinder
Aim: Grinder (lightly wounded, poisoned)
You can't drain life from that!
Okay, then.
As you read the scroll of teleportation, it crumbles to dust.
You feel strangely unstable. Grinder gestures at you.
Pain shoots through your body!
You die...

############
#...........
#.#########. #####
#.### #. ...#
#.#.## #.
#.#####....######.
#.................
#@#####....######(
#...5.#
#.#.#######.
###.###
#........... #.
########.##. #
#.##. #######.##.
...........
######.##. #.###


You could see Grinder.

Vanquished Creatures
  A hound (D:2)
  Terence (D:2)
  A worker ant zombie (D:2)
  Robin (D:2)
  5 adders
  4 worms
  2 dart slugs (D:1)
  2 leopard geckos (D:3)
  2 orcs (D:3)
  5 bats
  A giant cockroach (D:1)
  7 goblins
  7 hobgoblins
  3 jackals (D:2)
  4 kobolds
  A quokka (D:3)
  2 ball pythons
  4 frilled lizards
  4 rats
57 creatures vanquished.

Notes
Turn   | Place    | Note
-------+----------+-------------------------------------------
     0 | D:1      | Amon001 the Gnoll Wanderer began the quest for the Orb.
     0 | D:1      | Amon001 set off with the following items: a scroll of
                  | teleportation, a +0 robe, a +0 dagger, a ration; and the
                  | following spells available to memorise: Animate Skeleton,
                  | Pain, Vampiric Draining, Animate Dead, Regeneration
     0 | D:1      | Reached XP level 1. HP: 13/13 MP: 2/2
   166 | D:1      | Reached XP level 2. HP: 19/19 MP: 3/3
   172 | D:1      | Learned a level 1 spell: Pain
  1022 | D:2      | Reached XP level 3. HP: 22/25 MP: 0/4
  1254 | D:2      | HP: 1/25 [worker ant zombie (4)]
  1589 | D:2      | Reached skill level 1 in Invocations
  1687 | D:2      | Noticed Robin
  1718 | D:2      | Killed Robin
  1718 | D:2      | Reached skill level 1 in Fighting
  1718 | D:2      | Reached skill level 1 in Short Blades
  1718 | D:2      | Reached skill level 1 in Long Blades
  1718 | D:2      | Reached skill level 1 in Axes
  1718 | D:2      | Reached skill level 1 in Maces & Flails
  1718 | D:2      | Reached skill level 1 in Polearms
  1718 | D:2      | Reached skill level 1 in Staves
  1718 | D:2      | Reached skill level 1 in Slings
  1718 | D:2      | Reached skill level 1 in Bows
  1718 | D:2      | Reached skill level 1 in Crossbows
  1718 | D:2      | Reached skill level 1 in Throwing
  1718 | D:2      | Reached skill level 1 in Armour
  1718 | D:2      | Reached skill level 1 in Shields
  1718 | D:2      | Reached skill level 1 in Unarmed Combat
  1718 | D:2      | Reached skill level 1 in Spellcasting
  1718 | D:2      | Reached XP level 4. HP: 16/32 MP: 0/6
  1740 | D:2      | Learned a level 3 spell: Vampiric Draining
  1972 | D:2      | Found a burning altar of Makhleb.
  2003 | D:2      | Reached skill level 1 in Conjurations
  2003 | D:2      | Reached skill level 1 in Hexes
  2003 | D:2      | Reached skill level 1 in Charms
  2003 | D:2      | Reached skill level 1 in Summonings
  2003 | D:2      | Reached skill level 1 in Translocations
  2003 | D:2      | Reached skill level 1 in Transmutations
  2003 | D:2      | Reached skill level 1 in Ice Magic
  2003 | D:2      | Reached skill level 1 in Air Magic
  2003 | D:2      | Reached skill level 1 in Earth Magic
  2003 | D:2      | Reached skill level 1 in Poison Magic
  2410 | D:2      | Noticed Terence
  2424 | D:2      | Killed Terence
  2424 | D:2      | Reached XP level 5. HP: 24/37 MP: 0/7
  2740 | D:3      | Found a runed translucent gate.
  2741 | D:3      | Found a runed translucent gate.
  2741 | D:3      | Found a runed translucent gate.
  2742 | D:3      | Noticed a big kobold
  2742 | D:3      | Noticed coffee's ghost (amateur SpAK)
  3137 | D:3      | Learned a level 3 spell: Regeneration
  3155 | D:3      | Noticed Grinder
  3161 | D:3      | Killed from afar by Grinder

Skill      XL: |  1  2  3  4  5 |
---------------+----------------+-----
Fire Magic     | 2 |  2.4
Invocations    | 1 |  1.8
Fighting       | 1 |  1.6
Short Blades   | 1 |  1.6
Long Blades    | 1 |  1.6
Axes           | 1 |  1.6
Maces & Flails | 1 |  1.6
Polearms       | 1 |  1.6
Staves         | 1 |  1.6
Slings         | 1 |  1.6
Bows           | 1 |  1.6
Crossbows      | 1 |  1.6
Throwing       | 1 |  1.6
Armour         | 1 |  1.6
Shields        | 1 |  1.6
Unarmed Combat | 1 |  1.6
Spellcasting   | 1 |  1.6
Conjurations   | 1 |  1.2
Hexes          | 1 |  1.2
Charms         | 1 |  1.2
Summonings     | 1 |  1.2
Translocations | 1 |  1.2
Transmutations | 1 |  1.2
Ice Magic      | 1 |  1.2
Air Magic      | 1 |  1.2
Earth Magic    | 1 |  1.2
Poison Magic   | 1 |  1.2
Evocations     | 3 |  3.0
Dodging        | |  4.8
Stealth        | |  4.4
Necromancy     | |  7.2

Action                   |  1- 3 |  4- 6 || total
-------------------------+-------+-------++-------
Melee: Dagger            |   141 |   133 ||   274
       Bite              |    22 |    24 ||    46
 Cast: Pain              |    15 |     5 ||    20
       Vampiric Draining |       |     2 ||     2
  Use: Scroll            |       |     1 ||     1
 Stab: Sleeping          |     2 |     5 ||     7
  Eat: Chunk             |     3 |     5 ||     8
Armor: Robe              |     7 |       ||     7
       Leather armour    |    34 |    20 ||    54
Dodge: Dodged            |   112 |    85 ||   197
